 Dungeon Crawl Stone Soup version 0.19-a0-722-g27ac516 (webtiles) character file.

24 Gorice the Chopper (level 3, 0/31 HPs)
             Began as a Hill Orc Abyssal Knight on June 21, 2016.
             Was a Follower of Lugonu.
             Succumbed to an adder's poison
             ... on level 2 of the Dungeon.
             The game lasted 00:02:29 (1009 turns).

Gorice the Chopper (Hill Orc Abyssal Knight)        Turns: 1009, Time: 00:02:30

Health: 0/31       AC:  6    Str: 15    XL:     3   Next: 2%
Magic:  4/4        EV:  9    Int: 12    God:    Lugonu [*.....]
Gold:   51         SH:  0    Dex: 10    Spells: 0 memorised, 2 levels left

rFire  . . .     SeeInvis .     a - +2 hand axe
rCold  . . .     Gourm    .     g - +0 scale mail
rNeg   . . .     Faith    .     (no shield)
rPois  .         Spirit   .     (no helmet)
rElec  .         Dismiss  .     (no cloak)
rCorr  .         Reflect  .     (no gloves)
SustAt .         Harm     .     (no boots)
MR     .....                    (no amulet)
Stlth  ..........               (no ring)
                                (no ring)

@: lethally poisoned (0 -> -9), not resistant to hostile enchantments, extremely
unstealthy
A: no striking features
a: Depart the Abyss, Renounce Religion


You were on level 2 of the Dungeon.
You worshipped Lugonu.
Lugonu was aware of your devotion.
You were not hungry.

You visited 1 branch of the dungeon, and saw 2 of its levels.
You visited the Abyss 1 time.

You collected 51 gold pieces.

Inventory:

Hand Weapons
 a - a +2 hand axe (weapon)
 j - a +0 hunting sling
Missiles
 h - 34 sling bullets
 i - 42 bolts
 k - 7 javelins (quivered)
 Z - 2 stones
Armour
 b - a +0 leather armour
 g - a +0 scale mail (worn)
Potions
 n - 2 potions of brilliance {!q}
 q - a potion of flight {unknown}
Comestibles
 c - a bread ration {!e}
 l - a meat ration {!e}


   Skills:
 - Level 3.6 Fighting
 * Level 4.2 Axes
 + Level 2.5 Armour
 - Level 0.7 Dodging
 - Level 2.4 Invocations


You had 2 spell levels left.
You didn't know any spells.

Dungeon Overview and Level Annotations

Branches:
Dungeon (2/15)

Altars:


Message History

The adder is heavily wounded.
You feel sick. The adder completely misses you.
You barely miss the adder.
The adder is heavily wounded.
You feel sick. The adder closely misses you. The adder bites you.
* * * LOW HITPOINT WARNING * * *
Damage: 2 (max 5)
You miss the adder.
The adder is heavily wounded.
You feel sick. The adder barely misses you.
Damage: 1 (max 5)
You are too injured to fight recklessly!
You are too injured to fight recklessly!
You are too injured to fight recklessly!
You are too injured to fight recklessly!
Unknown command.
You closely miss the adder.
The adder is heavily wounded.
The adder closely misses you. x2
You miss the adder.
The adder is heavily wounded.
You feel sick. The adder bites you.
* * * LOW HITPOINT WARNING * * *
Damage: 3 (max 5)
You barely miss the adder.
The adder is heavily wounded.
* * * LOW HITPOINT WARNING * * *
You feel sick. The adder bites you.
* * * LOW HITPOINT WARNING * * *
The adder bites you.
* * * LOW HITPOINT WARNING * * *
You are more poisoned.
The adder poisons you!
Damage: 4 (max 5)
You barely miss the adder.
The adder is heavily wounded.
* * * LOW HITPOINT WARNING * * *
You feel sick. The adder closely misses you.
Damage: 1 (max 5) Unknown command.
Unknown command.
Unknown command.
It was a potion of might.
You feel very mighty all of a sudden. The adder closely misses you.
It was a potion of cancellation.
Your magical effects are unravelling.
You feel magically purged.
You feel a little less mighty now.
You die...

#.####.#.# #.#
....#.#.######<#####
#.##................#
#........######.###.#
.###....# #.# ##.#.#
#.# #.#.# ... #.#.#
##. #@#.# .. #S...#
♣. #.....# #........
#..........
+..........♣
#...........♣
##...........


You could see an adder.

Vanquished Creatures
  2 dart slugs (D:1)
  A giant gecko (D:1)
  A ball python (D:1)
  A bat (D:1)
  3 goblins (D:1)
  2 hobgoblins (D:1)
  3 kobolds (D:1)
  3 giant newts (D:1)
  3 rats (D:1)
19 creatures vanquished.

Notes
Turn   | Place    | Note
--------------------------------------------------------------
     0 | Abyss:1  | Gorice the Hill Orc Abyssal Knight began the quest for the Orb.
     0 | Abyss:1  | Reached XP level 1. HP: 19/19 MP: 2/2
    58 | D:1      | Escaped the Abyss
   102 | D:1      | Reached skill level 3 in Axes
   236 | D:1      | Reached XP level 2. HP: 16/26 MP: 3/3
   650 | D:1      | Reached skill level 4 in Axes
   733 | D:1      | Reached XP level 3. HP: 31/31 MP: 4/4
  1003 | D:2      | HP: 9/31 [poisoned by an adder]
  1006 | D:2      | HP: 3/31 [adder (2)]
  1007 | D:2      | HP: 1/31 [poisoned by an adder]
  1009 | D:2      | Succumbed to an adder's poison

Vault maps used:
D:1:      matt_arrival_diagonals
D:2:      first_bread, ecumenical_altar_2, okawaru_trees_2

Skill      XL: |  1  2 |
---------------+-------+-----
Axes           | 3 4 |  4.2
Fighting       | |  3.6
Armour         | |  2.5
Dodging        | |  0.7
Invocations    | |  2.4

Action                   || total
-------------------------++-------
Melee: Hand axe          ||    80
  Use: Scroll            ||     3
       Potion            ||     2
Armor: Scale mail        ||    27
       Leather armour    ||     3
Dodge: Dodged            ||    39

Table legend:
 A = Turns spent in this place as a percentage of turns spent in the entire game.
 B = Non-inter-level travel turns spent in this place as a percentage of non-inter-level travel turns spent in the entire game.
 C = Inter-level travel turns spent in this place as a percentage of turns spent in this place.
 D = Turns resting spent in this place as a percentage of non-inter-level travel turns spent in this place.
 E = Turns spent auto-exploring this place as a percentage of non-inter-level travel turns spent in this place.
 F = Non-inter-level travel turns spent in this place divided by the number of levels of this place that you've seen.
                   A       B       C       D       E      F
               +-------+-------+-------+-------+-------+----------------------
         Total | 100.0 | 100.0 |   0.2 |   0.5 |   4.5 | 134.7
       Dungeon |  84.0 |  83.9 |   0.3 |   0.6 |   5.3 | 169.5
         Abyss |  16.0 |  16.1 |   0.0 |   0.0 |   0.0 |  65.0
               +-------+-------+-------+-------+-------+----------------------

Vault maps used:
D:1:      matt_arrival_diagonals
D:2:      first_bread, ecumenical_altar_2, okawaru_trees_2
